 Dungeon Crawl Stone Soup version 0.21.1-1-g345015fe64 (webtiles) character file.

220 Revguard the Grave Robber (level 5, -12/35 HPs)
             Began as a Demonspawn Necromancer on June 5, 2018.
             Shot with an arrow by a centaur (13 damage)
             ... on level 5 of the Dungeon.
             The game lasted 00:31:34 (4861 turns).

Revguard the Grave Robber (Demonspawn Necromancer)  Turns: 4861, Time: 00:31:35

Health: -12/35     AC:  6    Str:  8    XL:     5   Next: 64%
Magic:  9/9        EV: 15    Int: 18    God:
Gold:   178        SH:  0    Dex: 18    Spells: 5/10 levels left

rFire    . . .     SeeInvis .   k - +0 glaive
rCold    . . .     Gourm    .   (shield currently unavailable)
rNeg     + . .     Faith    .   m - +1 ring mail "Hinivuoff" {rN+}
rPois    .         Spirit   .   (helmet restricted)
rElec    .         Reflect  .   (no cloak)
rCorr    .         Harm     .   (no gloves)
MR       .....                  (no boots)
Stlth    ++........             (no amulet)
HPRegen  0.11/turn              (no ring)
MPRegen  0.11/turn              (no ring)

@: agile, marked, drained
A: antennae 2, rot immunity
a: no special abilities


You were on level 5 of the Dungeon.
You were not hungry.

You visited 1 branch of the dungeon, and saw 5 of its levels.

You collected 178 gold pieces.

Inventory:

Hand Weapons
 e - a +0 dagger
 k - a +0 glaive (weapon)
Armour
 a - a +0 robe
 m - the +1 ring mail "Hinivuoff" (worn) {rN+}
   (You found it on level 4 of the Dungeon)

   It protects you from negative energy.
Jewellery
 d - an uncursed ring of ice
Wands
 h - a wand of acid (9)
Scrolls
 g - 2 scrolls of remove curse
 i - a scroll of magic mapping
 n - a scroll of immolation {unknown}
 p - a scroll of noise {unknown}
 q - 2 scrolls of teleportation
 r - a scroll of fear {unknown}
 s - 2 scrolls of identify {unknown}
Potions
 o - a potion of magic {unknown}
Books
 b - a book of Necromancy

   Spells                             Type                      Level
   a - Pain                           Necromancy                   1
   b - Animate Skeleton               Necromancy                   1
   c - Vampiric Draining              Necromancy                   3
   d - Regeneration                   Charms/Necromancy            3
   e - Animate Dead                   Necromancy                   4
   f - Borgnjor's Vile Clutch         Necromancy/Earth             5
Comestibles
 c - 8 rations


   Skills:
 - Level 0.1(0.0) Fighting
 - Level 0.7(0.0) Short Blades
 * Level 2.3(1.5) Polearms
 * Level 0.5(0.0) Armour
 + Level 2.3(1.5) Dodging
 + Level 1.8(1.0) Stealth
 + Level 3.0(2.1) Spellcasting
 * Level 1.3(0.5) Hexes
 + Level 5.3(4.4) Necromancy


You had 5 spell levels left.
You knew the following spells:

 Your Spells              Type           Power        Failure   Level  Hunger
a - Pain                  Necr           ###.         9%          1    #......
b - Animate Skeleton      Necr           N/A          9%          1    #......
c - Tukima's Dance        Hex            #.......     78%         3    ###....


Dungeon Overview and Level Annotations

Branches:
Dungeon (5/15)
 Temple: D:4-7

Altars:
Cheibriados


Innate Abilities, Weirdness & Mutations

You have a pair of antennae on your head.
You are immune to rotting.


Message History

An orc wizard comes into view. It is wielding a dagger.
The orc wizard casts a spell at you. The puff of flame hits you!
The centaur shoots an arrow.
The arrow hits you!
The centaur shoots an arrow.
The arrow hits you.
An adder skeleton comes into view.
You see here 2 arrows.
A giant cockroach comes into view.
A centaur comes into view.
The centaur shoots an arrow.
The arrow hits you!
* * * LOW HITPOINT WARNING * * *
The centaur shoots an arrow.
The arrow barely misses you.
You see here an arrow.
The centaur shoots an arrow.
The arrow hits you.
* * * LOW HITPOINT WARNING * * *
You see here an arrow.
It was a potion of agility.
You feel agile all of a sudden.
The centaur shoots an arrow.
The arrow hits you!
You die...

#≈≈≈≈≈........##..##.###
#≈≈≈≈≈≈.................
#≈≈≈≈≈≈.................
#≈≈≈≈≈....####..........
##≈≈≈≈...##.............
###≈≈≈###.#............
#### #.##......)....
#[.#...........
#@##.....o....
#.(#..........
.######cs.{........
....{.w.###.###.#.#
.....##.....# ...# c...
#.....# #. ............#
.....##.....# .w..
##...##


You could see a centaur and a giant cockroach.

Vanquished Creatures
  A sky beast (D:5)
  A hound skeleton (D:4)
  5 adders
  2 oozes
  2 worms
  A dart slug (D:1)
  4 leopard geckos
  A ball python (D:3)
  2 giant cockroaches
  6 goblins
  2 hobgoblins
  7 jackals (D:4)
  A quokka (D:3)
  7 bats
  8 frilled lizards
  2 kobolds
  4 rats (D:3)
56 creatures vanquished.

Notes
Turn   | Place    | Note
-------+----------+-------------------------------------------
     0 | D:1      | Revguard the Demonspawn Necromancer began the quest for the Orb.
     0 | D:1      | Reached XP level 1. HP: 13/13 MP: 3/3
     8 | D:1      | Learned a level 1 spell: Animate Skeleton
   654 | D:1      | Gained mutation: You are immune to rotting. [demonic ancestry]
   654 | D:1      | Reached XP level 2. HP: 19/19 MP: 5/5
  1328 | D:2      | Reached skill level 5 in Necromancy
  1328 | D:2      | Gained mutation: You have a pair of small antennae on your head. [demonic ancestry]
  1328 | D:2      | Reached XP level 3. HP: 8/24 MP: 4/6
  2113 | D:3      | Learned a level 3 spell: Tukima's Dance
  2168 | D:3      | Reached skill level 1 in Polearms
  2478 | D:3      | Gained mutation: You have a pair of antennae on your head. [demonic ancestry]
  2478 | D:3      | Reached XP level 4. HP: 11/30 MP: 3/7
  3442 | D:4      | Found a snail-covered altar of Cheibriados.
  4304 | D:4      | Got a smoking ring mail
  4316 | D:4      | Identified the cursed +1 ring mail "Hinivuoff" {rN+} (You found it on level 4 of the Dungeon)
  4467 | D:5      | Entered Level 5 of the Dungeon
  4504 | D:5      | Noticed a sky beast
  4529 | D:5      | Killed a sky beast
  4529 | D:5      | Reached skill level 1 in Hexes
  4529 | D:5      | Reached XP level 5. HP: 2/35 MP: 9/9
  4850 | D:5      | Noticed a centaur
  4858 | D:5      | Noticed a centaur
  4860 | D:5      | HP: 1/35 [centaur/arrow (4)]
  4861 | D:5      | Shot with an arrow by a centaur

Skill      XL: |  1  2  3  4 |
---------------+-------------+-----
Dodging        | 2 |  2.3
Necromancy     | 5 |  5.3
Polearms       | 1 2 |  2.3
Spellcasting   | 3 |  3.0
Hexes          | 1 |  1.3
Fighting       | |  0.1
Short Blades   | |  0.7
Armour         | |  0.5
Stealth        | |  1.8

Action                   |  1- 3 |  4- 6 || total
-------------------------+-------+-------++-------
Melee: Dagger            |    29 |       ||    29
       Unarmed           |     5 |       ||     5
       Glaive            |    23 |    56 ||    79
 Cast: Pain              |    47 |    24 ||    71
       Animate Skeleton  |     4 |     4 ||     8
       Tukima's Dance    |       |     2 ||     2
Evoke: Wand              |       |     3 ||     3
  Use: Scroll            |     2 |     3 ||     5
       Potion            |     2 |     2 ||     4
 Stab: Sleeping          |     1 |       ||     1
  Eat: Chunk             |     5 |     2 ||     7
       Ration            |       |     2 ||     2
Armor: Robe              |    21 |    16 ||    37
       Ring mail         |       |    12 ||    12
Dodge: Dodged            |    66 |    40 ||   106
